 Adventure DCSS version bcrawl-1.19.1 (webtiles) character file.

Game seed: 16659073186802169295

3364 galech the Cleaver (level 9, -2/71 HPs)
             Began as a Demonspawn Fighter on Dec 11, 2019.
             Was an Initiate of Okawaru.
             Slain by a two-headed ogre
             ... wielding a +0 giant spiked club
              (12 damage)
             ... on level 9 of the Dungeon.
             The game lasted 00:12:35 (10064 turns).

galech the Cleaver (Demonspawn Fighter)            Turns: 10064, Time: 00:12:36

Health: -2/71      AC: 13    Str: 17    XL:     9   Next: 73%
Magic:  0/9        EV:  6    Int: 17    God:    Okawaru [......]
Gold:   75         SH: 10    Dex: 15    Spells: 8/8 levels left
                                        Lives:  0   Deaths: 2

rFire    . . .     SeeInvis .   o - +5 hand axe of the Spider Nest {pain, Int+4}
rCold    + . .     Gourm    .   c - +0 shield
rNeg     . . .     Faith    .   D - +0 chain mail (curse)
rPois    +         Spirit   +   G - +0 helmet of Feasting {rC+ Int+3} (curse)
rElec    +         Reflect  .   h - +0 cloak
rCorr    .         Harm     .   (no gloves)
MR       .....                  (no boots)
Stlth    ..........             n - amulet of guardian spirit
HPRegen  0.21/turn              v - ring of poison resistance
MPRegen  0.11/turn              l - ring of insulation

@: heavily drained
A: talons 2, iridescent scales 1, powered by pain 1, rot immunity
a: Renounce Religion


You were on level 9 of the Dungeon.
You worshipped Okawaru.
Okawaru was noncommittal.
You were very hungry.

You visited 2 branches of the dungeon, and saw 10 of its levels.

You collected 807 gold pieces.
You spent 732 gold pieces at shops.

Inventory:

Hand Weapons
 a - a +0 war axe
 o - the +5 hand axe of the Spider Nest (weapon) {pain, Int+4}
   (You found it on level 5 of the Dungeon)

   In the hands of one skilled in necromantic magic, it inflicts extra damage on
   living creatures.
   It affects your intelligence (+4).
 C - the +8 spear "Pirhoac" {speed, rElec MR++, unknown}
   (You found it on level 5 of the Dungeon)

   Attacks with this weapon are significantly faster.
   It insulates you from electricity.
   It affects your resistance to hostile enchantments.
Armour
 c - a +0 shield (worn)
 h - a +0 cloak (worn)
 D - a cursed +0 chain mail (worn)
 E - a +0 troll leather armour
 G - the cursed +0 helmet of Feasting (worn) {rC+ Int+3}
   (You found it on level 7 of the Dungeon)

   It affects your intelligence (+3).
   It protects you from cold.
   It has a curse placed upon it.
Jewellery
 j - a cursed amulet of inaccuracy {unknown}
 l - a ring of insulation (right hand)
 n - an amulet of guardian spirit (around neck)
 s - an uncursed ring of ice {unknown}
 u - an uncursed amulet of regeneration {unknown}
 v - a ring of poison resistance (left hand)
 x - a +3 amulet of reflection {unknown}
 J - an uncursed ring of protection from fire {unknown}
Wands
 e - a wand of acid (8)
 F - a wand of polymorph (6)
Scrolls
 b - 2 scrolls of blinking
 i - 2 scrolls of teleportation
 m - 4 scrolls of amnesia
 y - 6 scrolls of identify
 A - 3 scrolls of fog
 I - a scroll of remove curse
Potions
 d - 3 potions of might
 g - 2 potions of ambrosia {unknown}
 k - a potion of resistance {unknown}
 p - 7 potions of heal wounds
 q - 2 potions of cancellation {unknown}
 r - 3 potions of agility {unknown}
 t - 5 potions of curing
 w - 5 potions of mutation
 z - 3 potions of magic {unknown}
 B - 2 potions of brilliance {unknown}
 H - a potion of invisibility {unknown}
Comestibles
 f - 20 rations {!d}


   Skills:
 + Level 6.9(4.8) Fighting
 + Level 9.4(7.2) Axes
 + Level 6.2(4.2) Armour
 + Level 4.0(2.1) Dodging
 + Level 1.8(0.1) Stealth
 + Level 6.8(4.7) Shields


You had 8 spell levels left.
You didn't know any spells.
Your spell library contained the following spells:

 Spells                   Type           Power        Failure   Level  Hunger
 Beastly Appendage        Tmut           #.....       100%        1    ##.....
 Sticks to Snakes         Tmut           #.......     100%        2    ###....
 Spider Form              Tmut/Pois      #..          100%        3    ####...
 Ice Form                 Ice/Tmut       #.......     100%        4    #####..
 Blade Hands              Tmut           #.........   100%        5    ######.


Dungeon Overview and Level Annotations

Branches:
Dungeon (9/12)             Temple (1/1) D:4            Lair (0/6) D:8
    Orc: D:8-11

Altars:
Ashenzari
Cheibriados
Elyvilon
Fedhas
Gozag
Hepliaklqana
Kikubaaqudgha
Lugonu
Makhleb
Nemelex Xobeh
Okawaru
Qazlal
Ru
Sif Muna
Trog
Uskayaw
Vehumet
Wu Jian
Xom
Yredelemnul
Zin
The Shining One

Shops:
D:9 *!


Innate Abilities, Weirdness & Mutations

You have razor-sharp toenails.
You are partially covered in iridescent scales. (AC +2)
You sometimes gain a little power by taking damage.
You are immune to rotting.


Message History

The two-headed ogre is heavily wounded.
You block the two-headed ogre's attack. The two-headed ogre closely misses you.
You slash the two-headed ogre! Your kick misses the two-headed ogre.
The two-headed ogre is severely wounded.
You block the two-headed ogre's attack.
The two-headed ogre hits you with a +0 giant club!
You focus on the pain.
You feel your power returning.
You hit the two-headed ogre.
You claw the two-headed ogre, but do no damage.
The two-headed ogre is severely wounded.
The two-headed ogre hits you with a +0 giant spiked club!
* * * LOW HITPOINT WARNING * * *
The two-headed ogre hits you with a +0 giant club!
* * * LOW HITPOINT WARNING * * *
You hit the two-headed ogre.
The two-headed ogre is almost dead.
You hit the two-headed ogre. Your kick misses the two-headed ogre.
The two-headed ogre is almost dead.
The two-headed ogre hits you with a +0 giant spiked club!
You die...

#...# #..........#
#...# #..........#
....# #..........#
...## ######.#####
#### #.### (# #...#
.# ###.# .# #O#
)##### #####@####
)....#######........#
.....##....'........#
.....#..####........+
.....'.## #.......[#
.....### #........#
###### #........#
##########


You could see a two-headed ogre.

Vanquished Creatures
  2 centaur zombies (D:9)
  Joseph (D:7)
  2 trolls
  Grinder (D:5)
  2 hippogriffs
  Sigmund (D:2)
  Eustachio (D:6)
  A water moccasin (D:5)
  A sky beast (D:3)
  An orc warrior (D:5)
  2 ice beasts
  2 ogres
  5 centaurs
  3 bullfrogs
  A scorpion (D:4)
  5 wights (D:9)
  2 howler monkeys (D:6)
  4 crimson imps
  2 bullfrog zombies
  3 hounds
  2 jellies
  An iron imp (D:9)
  5 orc priests
  2 centaur skeletons
  9 orc wizards
  An iguana (D:7)
  12 worker ants
  Natasha (thrice) (D:3)
  2 hell rats
  7 gnolls (D:5)
  2 worker ant zombies
  11 adders
  A river rat (D:8)
  A shadow imp (D:6)
  An ooze (D:3)
  3 adder skeletons
  8 worms
  A dart slug (D:4)
  10 leopard geckos
  35 orcs
  A ball python (D:1)
  5 bats
  4 giant cockroaches
  2 goblins
  14 hobgoblins
  18 jackals
  11 kobolds
  9 quokkas
  5 frilled lizards
  A goblin skeleton (D:9)
  3 goblin zombies (D:9)
  4 hobgoblin zombies (D:9)
  2 leopard gecko skeletons (D:4)
  2 orc skeletons (D:9)
  An orc zombie (D:9)
  6 rats
  A fungus (D:6)
248 creatures vanquished.

Vanquished Creatures (others)
  2 toadstools (D:6)
2 creatures vanquished.

Grand Total: 250 creatures vanquished

Notes
Turn   | Place    | Note
-------+----------+-------------------------------------------
     0 | D:1      | galech the Demonspawn Fighter began the quest for the Orb.
     0 | D:1      | Reached XP level 1. HP: 18/18 MP: 1/1
   302 | D:1      | Gained mutation: You have sharp toenails. [demonic
                  | ancestry]
   302 | D:1      | Reached XP level 2. HP: 24/24 MP: 2/2
   377 | D:1      | Reached skill level 2 in Axes
   518 | D:1      | Gained mutation: You are immune to rotting. [demonic
                  | ancestry]
   518 | D:1      | Reached XP level 3. HP: 3/29 MP: 3/3
  1614 | D:2      | Noticed Sigmund
  1624 | D:2      | Killed Sigmund
  1624 | D:2      | Reached skill level 3 in Axes
  1624 | D:2      | Reached skill level 1 in Dodging
  1624 | D:2      | Reached XP level 4. HP: 28/35 MP: 2/4
  1624 | D:2      | Gained mutation: You have razor-sharp toenails. [demonic
                  | ancestry]
  1624 | D:2      | Reached XP level 5. HP: 32/41 MP: 2/5
  1884 | D:2      | Found a snail-covered altar of Cheibriados.
  1887 | D:2      | Found a stormy altar of Qazlal.
  2477 | D:3      | Noticed a sky beast
  2486 | D:3      | Reached XP level 6. HP: 39/47 MP: 4/6
  2497 | D:3      | Killed a sky beast
  2497 | D:3      | Reached skill level 4 in Axes
  2793 | D:3      | Noticed Natasha
  2801 | D:3      | Killed Natasha
  2900 | D:3      | Noticed Natasha
  2913 | D:3      | Killed Natasha
  3231 | D:3      | Noticed Natasha
  3239 | D:3      | Killed Natasha
  3239 | D:3      | Gained mutation: You sometimes gain a little power by
                  | taking damage. [demonic ancestry]
  3239 | D:3      | Reached XP level 7. HP: 48/53 MP: 5/7
  3375 | D:4      | Reached skill level 5 in Axes
  3912 | D:4      | Found a staircase to the Ecumenical Temple.
  3930 | Temple   | Entered the Ecumenical Temple
  4398 | D:4      | Found an ornate altar of the Wu Jian Council.
  4729 | D:5      | Entered Level 5 of the Dungeon
  4753 | D:5      | Slain by a bullfrog zombie
  4754 | D:5      | Reached XP level 6. HP: -1/48 MP: 0/6
  4777 | D:5      | Reached XP level 7. HP: 44/54 MP: 4/7
  4831 | D:5      | Got a smoking hand axe
  4832 | D:5      | Identified the +5 hand axe of the Spider Nest {pain, Int+4}
                  | (You found it on level 5 of the Dungeon)
  4955 | D:5      | Reached skill level 6 in Axes
  5343 | D:5      | Noticed Grinder
  5355 | D:5      | Reached skill level 5 in Shields
  5355 | D:5      | Reached XP level 8. HP: 59/61 MP: 8/8
  5358 | D:5      | Killed Grinder
  5358 | D:5      | Reached skill level 5 in Fighting
  5358 | D:5      | Reached skill level 7 in Axes
  5443 | D:5      | Found a shattered altar of Ashenzari.
  5846 | D:5      | Got a crude spear
  5859 | D:5      | Reached skill level 5 in Armour
  6500 | D:6      | Noticed Eustachio
  6522 | D:6      | Killed Eustachio
  6553 | D:6      | Noticed a hippogriff
  6563 | D:6      | Killed a hippogriff
  6563 | D:6      | Gained mutation: You are partially covered in iridescent
                  | scales. (AC +2) [demonic ancestry]
  6563 | D:6      | Reached XP level 9. HP: 38/68 MP: 5/9
  6790 | D:6      | Reached skill level 8 in Axes
  6952 | D:6      | Reached skill level 1 in Stealth
  7086 | D:6      | Got a twisted robe
  7557 | D:7      | Noticed a troll
  7566 | D:7      | Killed a troll
  7584 | D:7      | Identified the cursed +0 robe of Ihupp {rN+ MR- Regen+
                  | Dex+2} (You found it on level 6 of the Dungeon)
  7843 | D:7      | Noticed Joseph
  7875 | D:7      | Killed Joseph
  8248 | D:7      | Got a shimmering helmet
  8403 | D:7      | Identified the cursed +0 helmet of Feasting {rC+ Int+3}
                  | (You found it on level 7 of the Dungeon)
  8649 | D:8      | Noticed a death yak
  8651 | D:8      | Found a staircase to the Lair.
  8652 | D:8      | Noticed a death yak
  8653 | D:8      | Noticed a death yak
  8777 | D:8      | Noticed a troll
  8792 | D:8      | Killed a troll
  8792 | D:8      | Reached XP level 10. HP: 10/77 MP: 1/10
  8793 | D:8      | Slain by a centaur
  8794 | D:8      | Reached XP level 9. HP: -2/71 MP: 0/9
  8816 | D:8      | Found an ancient bone altar of Kikubaaqudgha.
  9100 | D:8      | Found an iron altar of Okawaru.
  9175 | D:8      | Reached skill level 9 in Axes
  9392 | D:9      | Found Xucrul's Distillery.
  9411 | D:9      | Bought a potion of heal wounds for 60 gold pieces
  9411 | D:9      | Bought a potion of heal wounds for 60 gold pieces
  9411 | D:9      | Bought 2 potions of heal wounds for 120 gold pieces
  9411 | D:9      | Bought a potion of mutation for 96 gold pieces
  9411 | D:9      | Bought a potion of curing for 36 gold pieces
  9617 | D:9      | Found a glowing golden altar of the Shining One.
  9651 | D:9      | Found Wariguw's Assorted Antiques.
  9656 | D:9      | Bought a scroll of blinking for 180 gold pieces
  9656 | D:9      | Bought a scroll of blinking for 180 gold pieces
  9737 | D:8      | Found a basalt altar of Yredelemnul.
  9737 | D:8      | Found a sparkling altar of Nemelex Xobeh.
  9745 | D:8      | Became a worshipper of Warmaster Okawaru
 10056 | D:9      | Noticed a two-headed ogre
 10064 | D:9      | Slain by a two-headed ogre

Skill      XL: |  1  2  3  4  5  6  7  8  9 |
---------------+----------------------------+-----
Shields        | 3 4 5 6 |  6.8
Axes           | 2 3 4 6 7 9 |  9.4
Armour         | 3 4 5 6 |  6.2
Dodging        | 1 2 3 4 |  4.0
Fighting       | 4 5 6 |  6.9
Stealth        | 1 |  1.8

Action                   |  1- 3 |  4- 6 |  7- 9 | 10-12 || total
-------------------------+-------+-------+-------+-------++-------
Melee: War axe           |   144 |   163 |   104 |       ||   411
       Kick              |     8 |    34 |   194 |     1 ||   237
       Hand axe          |       |       |   434 |     1 ||   435
  Use: Potion            |     1 |       |     1 |       ||     2
       Scroll            |       |       |     9 |       ||     9
 Stab: Sleeping          |       |       |     1 |       ||     1
  Eat: Chunk             |     3 |     5 |    13 |       ||    21
Armor: Scale mail        |    89 |    82 |   137 |       ||   308
       Troll leather arm |       |       |    32 |       ||    32
       Chain mail        |       |       |    21 |       ||    21
Dodge: Dodged            |    55 |    58 |   194 |       ||   307
Block: Shield            |    84 |    89 |   284 |     1 ||   458
